 Dungeon Crawl Stone Soup version 0.25-b1-41-g19641232cd (webtiles) character file.

Game seed: 13899639003190988931

123361 lepoulpe303 the Champion of Chaos (level 16, -2/147 HPs)
             Began as a Deep Dwarf Fighter on June 8, 2020.
             Was the Champion of Makhleb.
             Slain by an Executioner (21 damage)
             ... summoned by the player character
             ... in an ice cave on June 9, 2020.
             The game lasted 02:24:16 (29137 turns).

lepoulpe303 the Champion of Chaos (DDFi)           Turns: 29137, Time: 02:24:17

Health: -2/147     AC: 20    Str: 32    XL:     16   Next: 36%
Magic:  18/18      EV: 15    Int:  8    God:    Makhleb [******]
Gold:   759        SH: 28    Dex: 14    Spells: 15/15 levels left

rFire    . . .     SeeInvis .   a - +7 war axe (vamp)
rCold    + + .     Gourm    .   K - +1 tower shield
rNeg     + + +     Faith    .   p - +6 scale mail "Fushun" {rC+}
rPois    .         Spirit   .   (no helmet)
rElec    +         Reflect  +   L - +0 cloak
rCorr    .         Harm     .   (no gloves)
MR       ++++.                  y - +0 pair of boots of Hangman {*Drain rElec Regen+}
Stlth    ..........             s - amulet of reflection
HPRegen  0.00/turn              O - +6 ring of strength
MPRegen  0.16/turn              I - ring of Moderation {rElec rC+ rN++ MR+ Stlth-}

@: non-regenerating, studying Fighting
A: damage resistance, heal wounds, molten scales 1, magic resistance 1, negative
energy resistance 1, sense surroundings 2, electricity resistance, no
regeneration
a: Heal Wounds, Minor Destruction, Lesser Servant of Makhleb, Major Destruction,
Greater Servant of Makhleb, Renounce Religion


You were in an ice cave.
You worshipped Makhleb.
Makhleb was exalted by your worship.
You were not hungry.

You visited 5 branches of the dungeon, and saw 27 of its levels.
You also visited: Sewer, Ice Cave and Volcano.

You collected 2679 gold pieces.
You spent 1920 gold pieces at shops.

Inventory:

Hand Weapons
 a - a +7 vampiric war axe (weapon)
 b - a +0 fustibalus
 c - a +2 flail of protection
 E - the +1 broad axe of Distant Shores {freeze, *Rage rC++ Str+2 SInv}
   (You found it on level 3 of the Lair of Beasts)

   It has been specially enchanted to freeze those struck by it, causing extra
   injury to most foes and up to half again as much damage against particularly
   susceptible opponents.
   It can also slow down cold-blooded creatures.
   It affects your strength (+2).
   It greatly protects you from cold.
   It lets you see invisible.
   It may make you go berserk in combat.
Missiles
 v - 53 sling bullets
 Q - 559 stones (quivered)
Armour
 p - the +6 scale mail "Fushun" (worn) {rC+}
   (You found it in an ice cave)

   It protects you from cold.
 x - a +6 scale mail of poison resistance {rPois}
 y - the +0 pair of boots of Hangman (worn) {*Drain rElec Regen+}
   (You found it in an ice cave)

   It insulates you from electricity.
   It increases your rate of regeneration.
   It causes draining when unequipped.
 K - a +1 tower shield (worn)
 L - a +0 cloak (worn)
 N - a +2 kite shield of reflection {Reflect}
 P - the +5 ring mail of Kasul {+Blink Dex+3}
   (You found it on level 6 of the Lair of Beasts)

   It affects your dexterity (+3).
   It lets you blink.
 S - a +3 plate armour of fire resistance {rF+}
Jewellery
 q - a +4 ring of protection
 s - an amulet of reflection (around neck)
 C - an uncursed ring of resist corrosion
 H - a +6 ring of strength
 I - the ring of Moderation (right hand) {rElec rC+ rN++ MR+ Stlth-}
   (You bought it in a shop on level 2 of the Orcish Mines)

   [ring of attention]

   It protects you from cold.
   It insulates you from electricity.
   It greatly protects you from negative energy.
   It affects your resistance to hostile enchantments.
   It makes you less stealthy.
 M - an uncursed ring of fire {rF+, rC-}
 O - a +6 ring of strength (left hand)
Wands
 j - a wand of disintegration (13)
 t - a wand of iceblast (19)
 D - a wand of digging (16)
 G - a wand of enslavement (5)
 R - a wand of polymorph (20)
 V - a wand of clouds (2)
 X - a wand of acid (21)
Scrolls
 f - 4 scrolls of fog
 g - 3 scrolls of fear
 i - 2 scrolls of identify
 r - a scroll of holy word {!r}
 u - 4 scrolls of magic mapping {!r}
 w - 13 scrolls of teleportation
 z - 10 scrolls of remove curse
 B - 6 scrolls of blinking {!r}
 Y - a scroll of immolation {!r}
 Z - a scroll of enchant armour
Potions
 d - 2 potions of might
 h - 5 potions of haste
 k - 8 potions of curing
 l - 5 potions of heal wounds
 m - 7 potions of flight
 n - a potion of resistance
 o - 2 potions of invisibility
 A - 3 potions of cancellation
 J - 3 potions of stabbing
 T - a potion of berserk rage {!q}
 U - 8 potions of lignification {!q}
Books
 F - a manual of Fighting {!d}
Miscellaneous
 W - a lightning rod (4/4)
Comestibles
 e - 53 rations


   Skills:
 + Level 10.4 Fighting
 * Level 14.1 Axes
 + Level 10.0 Slings
 + Level 11.7 Armour
 + Level 10.4 Dodging
 * Level 14.3 Shields
 * Level 15.2 Invocations
 + Level 9.8 Evocations


You had 15 spell levels left.
You didn't know any spells.
Your spell library contained the following spells:

 Spells                   Type           Power        Failure   Level  Hunger
 Beastly Appendage        Tmut           #.....       96%         1    ##.....
 Magic Dart               Conj           #...         96%         1    ##.....
 Blink                    Tloc           N/A          99%         2    ###....
 Call Imp                 Summ           #.......     99%         2    ###....
 Poisonous Vapours        Pois/Air       #.....       99%         2    ###....
 Slow                     Hex            #.......     99%         2    ###....
 Sticks to Snakes         Tmut           #.......     99%         2    ###....
 Conjure Flame            Conj/Fire      #.......     100%        3    ####...
 Mephitic Cloud           Conj/Pois/Air  #.......     100%        3    ####...
 Spider Form              Tmut/Pois      #.........   100%        3    ####...
 Ice Form                 Ice/Tmut       #.......     100%        4    #####..
 Blade Hands              Tmut           #.........   100%        5    ######.
 Freezing Cloud           Conj/Ice/Air   #.........   100%        6    #######
 Ring of Flames           Chrm/Fire      #.........   100%        7    #######


Dungeon Overview and Level Annotations

Branches:
Dungeon (15/15)            Temple (1/1) D:6            Lair (6/6) D:10
  Swamp (3/4) Lair:3       Spider (0/4) Lair:3        Slime (0/5) Lair:6
    Orc (2/2) D:12            Elf (0/3) Orc:2        Vaults (0/5) D:13
 Depths (0/5) D:15          Sewer (visited)           IceCv (1/1)
Volcano (visited)

Altars:
Ashenzari
Cheibriados
Dithmenos
Elyvilon
Fedhas
Gozag
Hepliaklqana
Kikubaaqudgha
Makhleb
Nemelex Xobeh
Okawaru
Qazlal
Ru
Trog
Uskayaw
Vehumet
Wu Jian
Xom
Yredelemnul
Zin
The Shining One
Beogh
Jiyva

Shops:
D:5 :   D:6 ?   D:8 *   D:10 [   D:15 [   Orc:2 [=(*

Annotations:
D:11 Urug
Lair:4 3 runed translucent doors, Nubia's ghost, journeyman GnEn


Innate Abilities, Weirdness & Mutations

You are resistant to damage.
You can heal yourself by infusing magical energy.
You resist negative energy. (rN+)
You passively map the area around you.
You do not regenerate.
You are partially covered in molten scales. (AC +2)
You are resistant to hostile enchantments. (MR+)
You are resistant to electric shocks. (rElec)


Message History

You take 1 damage, and have 2/147 hp.
Your magical essence is drained by the effort!
You feel much better. You block the Executioner's attack. x3
The Executioner barely misses you. You block the Executioner's attack. x2
The Executioner hits you. The Executioner closely misses you.
You block the Executioner's attack. The Ice Fiend closely misses you.
The Ice Fiend misses you.
You regained 22 hp, and now have 24/147 hp.
You now have 18/18 mp.
You closely miss the Executioner. You hit the Ice Fiend but do no damage.
You block the Executioner's attack. x2
The Executioner hits you but does no damage.
You block the Executioner's attack.
The Executioner hits you but does no damage.
You block the Executioner's attack.
The Ice Fiend calls on the powers of darkness!
Your body is wracked with pain!
* * * LOW HITPOINT WARNING * * *
The Executioner hits you!!
You die...

##......## ##......######≈.#.≈..
#...###..####.....##..##≈§##≈#...
..⌠..###...#....######≈≈§#####.##
#...## ###....### ≈#≈≈≈## ###≈
###.○# #######.[##≈≈≈≈≈≈≈# ###
#..####..####[#.##≈≈≈≈≈≈≈# ###..
###§.#.##..#### ≈≈≈≈≈≈≈≈≈###..##
###.#####..####≈≈≈≈≈≈≈≈#..###.
### ###.1@.#≈≈≈≈≈≈##...##.
####1###≈≈≈##..##### #WZ# ###.###
.Z## ≈ ##..# ..## ≈ #...## *
*,,..# ≈###... Z4# ≈ *###. *
Z§WW.** *## , §Z. , *≈ ≈


You could see an Ice Fiend, an Executioner (summoned, fast), a freezing wraith,
a five-headed hydra simulacrum and a golden dragon simulacrum.

Levels and vault maps discovered:
D:1:      eino_arrival_druids_welcome, layout_loops_ring, minmay_heptomino_w4
D:2:      layout_basic, minitemple, first_ration
D:3:      minmay_razor_zed, layout_loops_cross, uniq_natasha
D:4:      layout_rooms, gup_sewer_entry_pipe, uniq_eustachio
D:5:      layout_rooms, gammafunk_temple_of_torment, serial_shops, shop,
          uniq_duvessa, uniq_edmund
D:6:      layout_basic, nicolae_overflow_crystal_walls,
          minmay_temple_entry_statues, serial_shops, shop_scrolls,
          okawaru_metal_pillars_1_2
D:7:      layout_basic
D:8:      layout_cave_pods, nemelex_xobeh_ov_fountains_minmay, serial_shops,
          shop
D:9:      layout_roguey, nrook_guardian_serpent_ordinary
D:10:     kennysheep_blocky_room, layout_basic, grunt_lair_entry_orc_guard_hut,
          serial_shops, shop, minmay_misc_feat_five, lemuel_flamethrower_2
D:11:     layout_loops_corners, serial_ice, serial_ice_a, serial_ice_k,
          serial_ice_d, serial_ice_n, serial_ice_h, serial_ice_c, uniq_urug,
          uniq_grum, uniq_gastronok
D:12:     layout_cave_pools, david_orc_2, hangedman_pestilent_swarm
D:13:     layout_long_grid, grunt_vaults_entry_fortified,
          kennysheep_generic_room_13
D:14:     layout_irregular_city, chequers_big_river, uniq_roxanne
D:15:     grunt_enter_depths_snipers, layout_cave_pods, serial_shops,
          nicolae_shop_waterfront
Temple:   dpeg_chambers_temple
Lair:1:   layout_roguey [special_room_bee], basic_altar
Lair:2:   layout_cave_pods, serial_bayou, serial_bayou_shore_b,
          serial_bayou_pond_a, serial_bayou_shore_b, serial_bayou_pond_d,
          patterned_corridor, grunt_megastairs_5, serial_bayou_shore_a,
          lemuel_fruit_tree
Lair:3:   layout_loops_ring, skrybe_swamp_entry_bodies, dummy_spider_entry,
          gammafunk_ghost_hydra_chop, nicolae_volcano_entry_s_turn,
          beast_lair_carwin_7
Lair:4:   layout_regular_city, maelrawn_ghost_gauntlet_escape,
          infiniplex_staircase_pool
Lair:5:   layout_loops_ring
Lair:6:   cheibrodos_lair_end_hotspot, layout_concentric_octagons,
          dpeg_slime_entry_enclosed_altar
Swamp:1:  layout_basic_swamp, evilmike_swamp_ruin_rubble_2
Swamp:2:  layout_basic_swamp, nicolae_swamp_little_tower
Swamp:3:  layout_basic_swamp, portal_ice_cave_entry_pillars_four,
          evilmike_swamp_ruin_house_6, swamp_pool3, st_swamp_ruins_2,
          uniq_donald
Orc:1:    cheibrodos_orc_guarddog, layout_diamond_mine
Orc:2:    grunt_orc_gardens, layout_caves, grunt_orc_garden, grunt_orc_garden,
          grunt_orc_garden, grunt_orc_garden, basic_altar, minmay_orc_temple_c
IceCv:    ice_cave_caverns_02

Notes
Turn   | Place    | Note
-------+----------+-------------------------------------------
     0 | D:1      | lepoulpe303 the Deep Dwarf Fighter began the quest for the
                  | Orb.
     0 | D:1      | Reached XP level 1. HP: 20/20 MP: 1/1
    11 | D:1      | Identified a +0 pair of boots (You found it on level 1 of
                  | the Dungeon)
    34 | D:1      | Identified a +0 club
    49 | D:1      | Identified a +0 club
    99 | D:1      | Identified a +0 club
   129 | D:1      | Reached XP level 2. HP: 24/27 MP: 2/2
   185 | D:1      | Identified a +0 club
   186 | D:1      | Identified a +0 club
   199 | D:1      | Identified a +0 hunting sling (You found it on level 1 of
                  | the Dungeon)
   202 | D:1      | Identified a +0 war axe
   259 | D:1      | Identified a +0 dagger
   284 | D:1      | Identified a +0 club
   288 | D:1      | Identified a cursed -2 dagger
   295 | D:1      | Identified a +0 club
   300 | D:1      | Identified a +0 club
   301 | D:1      | Reached XP level 3. HP: 23/33 MP: 3/3
   344 | D:1      | Identified a +0 dagger
   399 | D:1      | Identified a +0 short sword
   452 | D:1      | Identified an uncursed ring of fire
   510 | D:1      | Identified a +0 club
   516 | D:1      | Reached skill level 1 in Dodging
   681 | D:1      | Identified a +0 dagger
   769 | D:1      | Identified a +0 club
   962 | D:2      | Reached skill level 4 in Armour
   991 | D:2      | Identified a +0 club
  1063 | D:2      | Identified a +0 dagger
  1073 | D:2      | Reached skill level 3 in Axes
  1161 | D:2      | Identified a +0 pair of gloves (You found it on level 2 of
                  | the Dungeon)
  1196 | D:2      | Reached XP level 4. HP: 26/40 MP: 4/4
  1299 | D:2      | Identified a +0 dagger
  1321 | D:2      | Identified a +0 club
  1341 | D:2      | Identified a +0 club
  1411 | D:2      | Reached skill level 4 in Shields
  1512 | D:2      | Identified a +0 club
  1542 | D:2      | Identified a +0 spear
  1550 | D:2      | Reached skill level 3 in Fighting
  1631 | D:2      | Found a snail-covered altar of Cheibriados.
  1631 | D:2      | Found an iron altar of Okawaru.
  1631 | D:2      | Found a shattered altar of Ashenzari.
  1635 | D:2      | Found a blossoming altar of Fedhas.
  2023 | D:3      | Identified a +0 whip
  2024 | D:3      | Noticed Natasha
  2030 | D:3      | Killed Natasha
  2030 | D:3      | Reached XP level 5. HP: 45/49 MP: 5/5
  2084 | D:4      | Identified a +0 giant spiked club
  2084 | D:4      | Noticed an ogre
  2095 | D:4      | Killed an ogre
  2095 | D:4      | Reached skill level 1 in Slings
  2183 | D:4      | Found a glowing drain.
  2192 | D:4      | Reached skill level 2 in Dodging
  2213 | Sewer    | Entered a sewer
  2224 | Sewer    | Reached XP level 6. HP: 36/56 MP: 6/6
  2417 | Sewer    | Reached skill level 4 in Axes
  2431 | Sewer    | Identified a +0 whip
  2448 | Sewer    | Reached skill level 5 in Armour
  2531 | Sewer    | Identified a +0 whip
  2547 | Sewer    | Reached skill level 5 in Shields
  2547 | Sewer    | Reached XP level 7. HP: 21/62 MP: 7/7
  2602 | Sewer    | Identified 3 scrolls of amnesia
  2622 | D:4      | Identified a +0 whip
  2635 | D:4      | Identified a cursed -1 dagger
  2635 | D:4      | Identified a +2 flail of protection
  2635 | D:4      | Identified a +0 chain mail
  2636 | D:4      | Identified a +0 dagger
  2636 | D:4      | Identified a +0 robe
  2665 | D:4      | Reached skill level 2 in Slings
  2746 | D:4      | Identified a +0 giant club
  2792 | D:4      | Identified a +0 rapier
  2792 | D:4      | Identified a +0 leather armour
  2792 | D:4      | Noticed Eustachio
  2831 | D:4      | Killed Eustachio
  2831 | D:4      | Reached skill level 3 in Dodging
  2924 | D:4      | Identified a +2 vampiric war axe
  2924 | D:4      | Identified a +1 dagger of draining
  2924 | D:4      | Identified a +0 robe
  2925 | D:4      | Identified a +0 flail
  2933 | D:4      | Reached skill level 5 in Axes
  3151 | D:5      | Entered Level 5 of the Dungeon
  3170 | D:5      | Identified a +0 dagger
  3172 | D:5      | Identified a +0 dagger
  3172 | D:5      | Identified a +0 robe
  3175 | D:5      | Identified a +0 club
  3175 | D:5      | Identified a +0 chain mail
  3184 | D:5      | Reached XP level 8. HP: 68/72 MP: 6/6
  3225 | D:5      | Found Quuptil's Book Shoppe.
  3252 | D:5      | Found an ancient bone altar of Kikubaaqudgha.
  3271 | D:5      | Found a transporter.
  3292 | D:5      | Found a transporter.
  3292 | D:5      | Found a basalt altar of Yredelemnul.
  3296 | D:5      | Noticed Menkaure
  3320 | D:5      | Killed Menkaure
  3320 | D:5      | Reached skill level 4 in Fighting
  3320 | D:5      | Reached skill level 6 in Armour
  3353 | D:5      | Identified 2 scrolls of fear
  3366 | D:6      | Found Wasine's Magic Scroll Boutique.
  3371 | D:6      | Bought a scroll of teleportation for 33 gold pieces
  3371 | D:6      | Bought a scroll of teleportation for 33 gold pieces
  3371 | D:6      | Identified 2 scrolls of random uselessness
  3372 | D:6      | Bought a scroll of remove curse for 33 gold pieces
  3372 | D:6      | Identified a ring of stealth (You found it on level 5 of
                  | the Dungeon)
  3384 | D:6      | Found a glowing silver altar of Zin.
  3420 | D:6      | Found an iron altar of Okawaru.
  3508 | D:6      | Identified a +0 shortbow
  3516 | D:6      | Reached skill level 6 in Shields
  3597 | D:6      | Reached skill level 3 in Slings
  3620 | D:6      | Found a staircase to the Ecumenical Temple.
  4147 | Temple   | Entered the Ecumenical Temple
  4371 | Temple   | Became a worshipper of Makhleb the Destroyer
  4435 | D:7      | Reached skill level 6 in Axes
  4435 | D:7      | Reached skill level 1 in Invocations
  4495 | D:7      | Identified a +0 shortbow
  4556 | D:7      | Reached skill level 2 in Invocations
  4582 | D:7      | Reached skill level 4 in Dodging
  4584 | D:7      | Identified a +0 dagger
  4584 | D:7      | Identified a +0 robe
  4584 | D:7      | Identified a +0 club
  4584 | D:7      | Identified a +0 dire flail
  4584 | D:7      | Identified a +0 chain mail
  4585 | D:7      | Identified a +0 flail
  4738 | D:7      | Gained mutation: You passively map the area around you.
                  | [Deep Dwarf growth]
  4738 | D:7      | Reached XP level 9. HP: 72/79 MP: 8/8
  4818 | D:7      | Identified a +0 whip
  4820 | D:7      | Identified a +0 short sword
  4821 | D:7      | Identified a +0 vorpal hand axe
  4823 | D:7      | Reached skill level 7 in Armour
  4837 | D:7      | Reached * piety under Makhleb
  5095 | D:8      | Noticed a troll
  5109 | D:8      | Killed a troll
  5109 | D:8      | Reached skill level 7 in Shields
  5109 | D:8      | Reached skill level 3 in Invocations
  5276 | D:3      | Identified a +0 tower shield (You found it on level 3 of
                  | the Dungeon)
  5276 | D:3      | Identified a ring of strength (You found it on level 6 of
                  | the Dungeon)
  5558 | D:3      | Identified a +0 club
  5627 | D:3      | Identified a +0 dagger
  5670 | D:3      | Identified a +0 club
  5737 | D:3      | Identified a +0 hand axe
  5759 | D:3      | Identified a +0 hand axe
  5759 | D:3      | Identified a +0 ring mail
  5803 | D:3      | Noticed Natasha
  5808 | D:3      | Killed Natasha
  5844 | D:3      | Identified a +0 giant spiked club
  5864 | D:3      | Identified a +0 spear
  5865 | D:3      | Identified a +0 whip
  5867 | D:3      | Identified a +0 flail
  5936 | D:3      | Noticed Natasha
  5947 | D:3      | Killed Natasha
  6173 | D:5      | Identified a +3 dire flail of holy wrath
  6173 | D:5      | Identified a +4 scale mail of poison resistance
  6173 | D:5      | Noticed Edmund
  6190 | D:5      | Killed Edmund
  6215 | D:5      | Identified a +0 dagger
  6215 | D:5      | Identified a +0 robe
  6215 | D:5      | Noticed Dowan
  6215 | D:5      | Identified a +0 rapier
  6215 | D:5      | Identified a +0 leather armour
  6215 | D:5      | Noticed Duvessa
  6224 | D:5      | Killed Duvessa
  6224 | D:5      | Reached skill level 4 in Slings
  6236 | D:5      | Killed Dowan
  6236 | D:5      | Reached skill level 4 in Invocations
  6696 | D:8      | Identified a ring of magical power (You found it on level 8
                  | of the Dungeon)
  6801 | D:8      | Reached skill level 7 in Axes
  6966 | D:8      | Reached ** piety under Makhleb
  6968 | D:8      | Found a sparkling altar of Nemelex Xobeh.
  6992 | D:8      | Found Apty Ujueh's General Store.
  6999 | D:8      | Identified 4 scrolls of blinking
  7002 | D:8      | Identified 3 scrolls of fog
  7003 | D:8      | Identified 3 scrolls of enchant weapon
  7006 | D:8      | Identified 8 scrolls of identify
  7006 | D:8      | Identified 4 potions of heal wounds
  7007 | D:8      | Identified 2 potions of haste
  7008 | D:8      | Identified 3 potions of magic
  7009 | D:8      | Identified 4 potions of lignification
  7010 | D:8      | Identified 3 potions of stabbing
  7011 | D:8      | Identified 2 potions of degeneration
  7049 | D:8      | Identified a cursed -1 dagger
  7049 | D:8      | Identified a +0 short sword
  7050 | D:8      | Identified a +0 dagger
  7051 | D:8      | Identified a +0 short sword
  7054 | D:8      | Identified a +0 club
  7221 | D:8      | Identified a +0 hand axe
  7221 | D:8      | Identified a +0 ring mail
  7221 | D:8      | Identified a +0 club
  7223 | D:8      | Identified a +0 mace
  7337 | D:8      | Identified a +0 hand axe
  7343 | D:8      | Identified a +0 hand axe
  7343 | D:8      | Identified a +0 trident
  7379 | D:8      | Identified a +1 vorpal mace
  7379 | D:8      | Identified an uncursed ring of ice
  7383 | D:8      | Reached skill level 5 in Fighting
  7642 | D:9      | Reached skill level 5 in Invocations
  7665 | D:9      | Noticed a guardian serpent
  7677 | D:9      | HP: 18/81 [poisoned by a guardian serpent (bolt of poison)]
  7679 | D:9      | Killed a guardian serpent
  7679 | D:9      | Reached skill level 5 in Dodging
  7790 | D:9      | Identified a +0 giant spiked club
  7796 | D:9      | Reached XP level 10. HP: 76/88 MP: 10/12
  7812 | D:9      | Reached skill level 8 in Shields
  7909 | D:9      | Identified a cursed -1 giant club
  7909 | D:9      | Identified a +0 giant club
  7909 | D:9      | Noticed a two-headed ogre
  7928 | D:9      | Killed a two-headed ogre
  7941 | D:9      | Reached skill level 6 in Invocations
  7984 | D:9      | Paralysed by a hornet for 3 turns
  7993 | D:9      | Reached skill level 8 in Axes
  8159 | D:9      | Identified a +0 troll leather armour
  8392 | D:10     | Entered Level 10 of the Dungeon
  8422 | D:10     | Identified a +0 leather armour
  8422 | D:10     | Identified a +0 dagger
  8422 | D:10     | Identified a +0 robe
  8422 | D:10     | Identified a +3 long sword
  8422 | D:10     | Identified a +0 plate armour
  8427 | D:10     | Identified a +0 shortbow
  8430 | D:10     | Reached skill level 5 in Slings
  8435 | D:10     | Reached *** piety under Makhleb
  8472 | D:10     | Identified a +0 dagger
  8472 | D:10     | Identified a +0 robe
  8479 | D:10     | Identified a cursed -3 whip
  8479 | D:10     | Identified a cursed +0 chain mail
  8484 | D:10     | Identified a +0 hand axe
  8484 | D:10     | Identified a +0 scale mail
  8496 | D:10     | Reached skill level 8 in Armour
  8547 | D:10     | Found Qirchat's Antique Armour Shop.
  8625 | D:10     | Reached skill level 7 in Invocations
  8722 | D:10     | Identified a +0 dagger
  8722 | D:10     | Identified a +0 robe
  8722 | D:10     | Identified a +0 whip
  8722 | D:10     | Identified a +0 leather armour
  8727 | D:10     | Identified a +0 club
  8829 | D:10     | Identified a +0 mace
  8829 | D:10     | Identified a +0 ring mail
  8851 | D:10     | Identified a +0 shortbow
  8887 | D:10     | Reached skill level 9 in Shields
  8895 | D:10     | Identified a +0 flail
  8895 | D:10     | Noticed a gargoyle
  8914 | D:10     | Killed a gargoyle
  8976 | D:10     | Reached XP level 11. HP: 89/97 MP: 14/14
  8999 | D:10     | Reached skill level 6 in Dodging
  9063 | D:10     | Identified a +0 shortbow
  9376 | D:10     | Found a staircase to the Lair.
  9376 | D:10     | Identified a +0 battleaxe
  9376 | D:10     | Identified a +0 chain mail
  9584 | Lair:1   | Entered Level 1 of the Lair of Beasts
  9589 | Lair:1   | Reached skill level 9 in Axes
  9753 | Lair:1   | Reached skill level 8 in Invocations
  9773 | Lair:1   | Reached **** piety under Makhleb
  9987 | Lair:1   | Found a burning altar of Makhleb.
 10077 | Lair:1   | Reached skill level 6 in Fighting
 10257 | Lair:1   | Reached skill level 6 in Slings
 10516 | Lair:2   | Noticed a seven-headed hydra
 11469 | Lair:2   | Identified an amulet of guardian spirit (You found it on
                  | level 2 of the Lair of Beasts)
 11593 | Lair:2   | Reached skill level 1 in Evocations
 11613 | Lair:2   | Reached skill level 10 in Shields
 11613 | Lair:2   | Reached skill level 9 in Invocations
 11754 | Lair:2   | Killed a seven-headed hydra
 11776 | Lair:2   | Reached skill level 2 in Evocations
 11865 | Lair:2   | Noticed a five-headed hydra
 11879 | Lair:2   | Killed a five-headed hydra
 11879 | Lair:2   | Reached skill level 10 in Axes
 11886 | Lair:2   | Reached XP level 12. HP: 95/106 MP: 0/17
 12569 | Lair:3   | Found a hole to the Spider Nest.
 12595 | Lair:3   | Found a runed translucent gate.
 12595 | Lair:3   | Found a runed translucent gate.
 12597 | Lair:3   | Found a runed translucent gate.
 12597 | Lair:3   | Noticed an 11-headed hydra
 12597 | Lair:3   | Noticed Ruicvywi's ghost (journeyman OgTm)
 12600 | Lair:3   | Identified 3 scrolls of enchant armour
 12623 | Lair:3   | Reached skill level 9 in Armour
 12724 | Lair:3   | Found a dark tunnel.
 12732 | Volcano  | Entered a volcano
 12865 | Volcano  | Reached skill level 7 in Dodging
 12988 | Volcano  | Found a bloodstained altar of Trog.
 12988 | Volcano  | Identified a +0 giant club of flaming
 12988 | Volcano  | Identified a +0 giant club of flaming
 12988 | Volcano  | Noticed a two-headed ogre
 12988 | Volcano  | Identified a +2 great mace of flaming
 12988 | Volcano  | Identified a +0 giant club of flaming
 12988 | Volcano  | Noticed a two-headed ogre
 12988 | Volcano  | Identified a +2 whip of flaming
 12988 | Volcano  | Identified a +2 robe of fire resistance
 12988 | Volcano  | Noticed an ogre mage
 12988 | Volcano  | Identified a +0 giant club of flaming
 12988 | Volcano  | Identified a +0 giant club of flaming
 12988 | Volcano  | Noticed a two-headed ogre
 12994 | Volcano  | Killed a two-headed ogre
 12998 | Volcano  | Killed a two-headed ogre
 12998 | Volcano  | Reached skill level 10 in Invocations
 12998 | Volcano  | Reached skill level 3 in Evocations
 13007 | Volcano  | Killed a two-headed ogre
 13019 | Volcano  | Killed an ogre mage
 13032 | Volcano  | Identified a +0 giant club of flaming
 13032 | Volcano  | Identified a +0 giant club of flaming
 13032 | Volcano  | Noticed a two-headed ogre
 13039 | Volcano  | Killed a two-headed ogre
 13051 | Volcano  | Identified a +2 scimitar of flaming
 13051 | Volcano  | Identified a +0 cloak
 13051 | Volcano  | Noticed a red draconian
 13062 | Volcano  | Killed a red draconian
 13062 | Volcano  | Reached skill level 7 in Slings
 13081 | Volcano  | Identified a +0 mace
 13130 | Volcano  | Identified a cursed -2 mace
 13334 | Volcano  | Identified a +2 plate armour of fire resistance {rF+} (You
                  | found it in a volcano)
 13656 | Lair:3   | Reached skill level 11 in Shields
 13656 | Lair:3   | Reached skill level 4 in Evocations
 13909 | Lair:3   | Found a staircase to the Swamp.
 14069 | Lair:2   | Killed Ruicvywi's ghost
 14084 | Lair:3   | Killed an 11-headed hydra
 14084 | Lair:3   | Reached skill level 7 in Fighting
 14209 | Lair:3   | Got a transparent broad axe
 14210 | Lair:3   | Identified the +1 broad axe of Distant Shores {freeze,
                  | *Rage rC++ Str+2 SInv} (You found it on level 3 of the Lair
                  | of Beasts)
 14224 | Lair:3   | Identified 2 potions of brilliance
 14228 | Lair:3   | Identified a ring of protection (You found it on level 3 of
                  | the Lair of Beasts)
 14416 | Lair:4   | Reached ***** piety under Makhleb
 14538 | D:10     | Identified 2 potions of invisibility
 14539 | D:10     | Identified 2 potions of resistance
 14780 | Lair:4   | Noticed Nubia's ghost (journeyman GnEn)
 14781 | Lair:4   | Noticed an eight-headed hydra
 14781 | Lair:4   | Identified a +0 chain mail
 14781 | Lair:4   | Noticed a minotaur
 14808 | Lair:4   | Found a runed translucent gate.
 14808 | Lair:4   | Found a runed translucent gate.
 14808 | Lair:4   | Found a runed translucent gate.
 15019 | Lair:4   | Reached skill level 11 in Axes
 15019 | Lair:4   | Reached skill level 11 in Invocations
 15438 | Lair:5   | Reached XP level 13. HP: 115/115 MP: 0/18
 15656 | Lair:5   | Reached skill level 5 in Evocations
 16070 | Lair:6   | Entered Level 6 of the Lair of Beasts
 16080 | Lair:6   | Reached skill level 8 in Dodging
 16202 | Lair:6   | Found a viscous altar of Jiyva.
 16202 | Lair:6   | Found a staircase to the Slime Pits.
 16447 | Lair:6   | Reached skill level 10 in Armour
 16455 | Lair:6   | Reached skill level 8 in Slings
 16472 | Lair:6   | Reached skill level 12 in Invocations
 16482 | Lair:6   | Reached skill level 12 in Shields
 16491 | Lair:6   | Reached skill level 6 in Evocations
 16606 | Lair:6   | Identified 4 potions of mutation
 16607 | Lair:6   | Gained mutation: You are partially covered in molten
                  | scales. (AC +2) [potion of mutation]
 16607 | Lair:6   | Gained mutation: You expend magic power (3 MP) to
                  | strengthen your wands. [potion of mutation]
 16608 | Lair:6   | Identified 2 potions of cancellation
 17011 | Lair:6   | Identified a +0 flail
 17063 | Lair:6   | Identified a +0 morningstar
 17097 | Lair:6   | Identified a +0 dire flail
 17101 | Lair:6   | Identified +0 steam dragon scales
 17257 | Lair:6   | Reached skill level 12 in Axes
 17275 | Lair:6   | Reached ****** piety under Makhleb
 17285 | Lair:6   | Found a large runed translucent door.
 17285 | Lair:6   | Found a large runed translucent door.
 17285 | Lair:6   | Noticed a fire dragon
 17339 | Lair:6   | Gained mutation: You resist negative energy. (rN+) [Deep
                  | Dwarf growth]
 17339 | Lair:6   | Reached XP level 14. HP: 88/124 MP: 0/20
 17500 | Lair:6   | Identified 2 scrolls of magic mapping
 17501 | Lair:6   | Identified a scroll of torment
 17648 | Lair:6   | Identified a scroll of acquirement
 17654 | Lair:6   | Identified a scroll of immolation
 17659 | Lair:6   | Got an ichor-stained ring mail
 17670 | Lair:6   | Identified the +5 ring mail of Kasul {+Blink Dex+3} (You
                  | found it on level 6 of the Lair of Beasts)
 17936 | D:11     | Identified a +2 vorpal great mace
 17936 | D:11     | Identified a +0 chain mail
 17936 | D:11     | Noticed Urug
 17942 | D:11     | HP: 31/124 [Urug/javelin (10)]
 18005 | D:11     | Identified a +0 club
 18005 | D:11     | Identified a +0 ring mail
 18278 | D:11     | HP: 28/124 [four-headed hydra (5)]
 18280 | D:11     | HP: 12/124 [four-headed hydra (11)]
 18397 | D:11     | Identified a +0 hat of magic resistance
 18397 | D:11     | Noticed Gastronok
 18408 | D:11     | Killed Gastronok
 18408 | D:11     | Reached skill level 8 in Fighting
 18442 | D:11     | Identified a +0 halberd of venom
 18442 | D:11     | Identified a +0 animal skin
 18442 | D:11     | Noticed Grum
 18456 | D:11     | Killed Grum
 18801 | D:11     | Identified a +0 shortbow
 18804 | D:11     | Identified a +0 shortbow
 18807 | D:11     | Identified a +0 shortbow
 18807 | D:11     | Identified a +0 shortbow
 18895 | D:11     | Identified a +0 flail
 18895 | D:11     | Identified a +0 dagger
 18895 | D:11     | Identified a +0 robe
 18895 | D:11     | Identified a +0 club
 18898 | D:11     | Identified a +0 short sword
 19357 | D:12     | Identified a +0 short sword
 19358 | D:12     | Reached skill level 7 in Evocations
 19358 | D:12     | Identified a cursed -1 dagger
 19358 | D:12     | Identified a +0 dire flail
 19358 | D:12     | Identified a +0 chain mail
 19359 | D:12     | Identified a +0 dagger
 19359 | D:12     | Identified a +0 morningstar
 19359 | D:12     | Identified a +0 scale mail
 19360 | D:12     | Identified a +0 whip
 19362 | D:12     | Identified a +0 dagger
 19379 | D:12     | Identified a +0 mace
 19379 | D:12     | Identified a +0 ring mail
 19396 | D:12     | Reached skill level 9 in Dodging
 19543 | D:12     | Identified a +0 dagger
 19543 | D:12     | Identified a +0 robe
 19544 | D:12     | Identified a +2 dagger of electrocution
 19544 | D:12     | Identified a +0 chain mail
 19546 | D:12     | Identified a +0 falchion
 19548 | D:12     | Identified a +0 whip
 19550 | D:12     | Identified a +0 giant club
 19550 | D:12     | Identified a +0 giant club
 19551 | D:12     | Identified a +0 hand axe
 19553 | D:12     | Identified a cursed +0 dagger
 19553 | D:12     | Identified a +0 robe
 19607 | D:12     | Found a staircase to the Orcish Mines.
 20003 | D:12     | Reached skill level 13 in Invocations
 20079 | D:12     | Identified a scroll of noise
 20107 | Orc:1    | Entered Level 1 of the Orcish Mines
 20114 | Orc:1    | Identified a +0 dagger
 20114 | Orc:1    | Identified a +0 robe
 20136 | Orc:1    | Identified a +0 mace
 20136 | Orc:1    | Identified a +3 dagger of speed
 20136 | Orc:1    | Identified a +0 robe
 20145 | Orc:1    | Identified a +2 long sword of holy wrath
 20145 | Orc:1    | Identified a +0 plate armour
 20148 | Orc:1    | Identified a +0 dagger
 20148 | Orc:1    | Identified a +0 robe
 20148 | Orc:1    | Identified a +0 falchion
 20153 | Orc:1    | Identified a cursed -2 flail
 20223 | Orc:1    | Identified a +0 battleaxe
 20223 | Orc:1    | Identified a +0 chain mail
 20223 | Orc:1    | Identified a +0 dagger of speed
 20223 | Orc:1    | Identified a +0 robe
 20225 | Orc:1    | Identified a +0 club
 20286 | Orc:1    | Identified a +0 dagger
 20286 | Orc:1    | Identified a +0 leather armour
 20289 | Orc:1    | Identified a +0 hand axe
 20289 | Orc:1    | Identified a +0 leather armour
 20289 | Orc:1    | Identified a cursed +0 mace
 20289 | Orc:1    | Identified a +0 ring mail
 20293 | Orc:1    | Identified a +1 vorpal great sword
 20293 | Orc:1    | Identified a +1 plate armour of poison resistance
 20293 | Orc:1    | Noticed an orc warlord
 20294 | Orc:1    | Identified a +0 short sword
 20296 | Orc:1    | Identified a +0 dagger
 20296 | Orc:1    | Identified a cursed +0 robe
 20296 | Orc:1    | Identified a +0 dagger
 20296 | Orc:1    | Identified a +0 robe
 20298 | Orc:1    | Identified a cursed -3 war axe
 20298 | Orc:1    | Identified a +0 ring mail
 20299 | Orc:1    | Identified a +0 battleaxe
 20299 | Orc:1    | Identified a cursed +0 chain mail
 20300 | Orc:1    | Identified a +0 leather armour
 20301 | Orc:1    | Identified a +0 giant spiked club
 20305 | Orc:1    | Identified a +0 dagger
 20305 | Orc:1    | Identified a +0 robe
 20315 | Orc:1    | Killed an orc warlord
 20332 | Orc:1    | Identified a +0 war axe
 20332 | Orc:1    | Identified a cursed -1 plate armour
 20336 | Orc:1    | Identified a +0 halberd
 20336 | Orc:1    | Identified a +0 chain mail
 20338 | Orc:1    | Identified a +0 dagger
 20338 | Orc:1    | Identified a +0 robe
 20349 | Orc:1    | Identified a +0 demon trident of venom
 20552 | Orc:1    | Identified a +0 scale mail
 20552 | Orc:1    | Identified a +0 club
 20552 | Orc:1    | Identified a +0 flail
 20553 | Orc:1    | Identified a +1 vorpal battleaxe
 20553 | Orc:1    | Identified a +2 plate armour of cold resistance
 20632 | Orc:1    | Identified a +0 dagger
 20632 | Orc:1    | Identified a +0 robe
 20684 | Orc:1    | Identified a +2 hand axe of distortion
 20687 | Orc:1    | Identified a +0 battleaxe
 20687 | Orc:1    | Identified a +0 chain mail
 20695 | Orc:1    | Identified a +0 short sword
 20695 | Orc:1    | Identified a +0 plate armour of fire resistance
 20700 | Orc:1    | Identified a +0 whip
 20700 | Orc:1    | Identified a +0 dagger
 20704 | Orc:1    | Identified a cursed -1 giant club
 20951 | Orc:2    | Entered Level 2 of the Orcish Mines
 20951 | Orc:2    | Identified a +0 giant club
 20954 | Orc:2    | Identified a +0 dagger
 20954 | Orc:2    | Identified a +0 leather armour
 20958 | Orc:2    | Identified a +0 whip
 20973 | Orc:2    | Identified a +0 mace
 20976 | Orc:2    | Identified a +3 battleaxe
 20976 | Orc:2    | Identified a +0 arbalest
 20976 | Orc:2    | Identified a cursed +0 chain mail
 20979 | Orc:2    | Identified a +0 scimitar
 20979 | Orc:2    | Identified a +0 plate armour
 20983 | Orc:2    | Identified a +0 trident
 20983 | Orc:2    | Identified a +0 plate armour
 20983 | Orc:2    | Identified a +0 giant club
 21023 | Orc:2    | Found Duozaira's Antique Weapon Shoppe.
 21031 | Orc:2    | Found a roughly hewn altar of Beogh.
 21036 | Orc:2    | Identified a +0 giant club
 21044 | Orc:2    | Bought a fustibalus for 540 gold pieces
 21047 | Orc:2    | Identified a +0 fustibalus (You bought it in a shop on
                  | level 2 of the Orcish Mines)
 21105 | Orc:2    | Identified a +0 hand axe
 21107 | Orc:2    | Identified a +0 hand axe
 21107 | Orc:2    | Identified a +0 club
 21107 | Orc:2    | Identified a +0 leather armour
 21107 | Orc:2    | Identified a +0 dagger
 21109 | Orc:2    | Identified a +3 great mace of holy wrath
 21109 | Orc:2    | Identified a +0 plate armour
 21109 | Orc:2    | Identified a +1 trident of venom
 21109 | Orc:2    | Identified a +0 chain mail
 21109 | Orc:2    | Identified a +0 mace
 21113 | Orc:2    | Identified a +0 giant spiked club
 21114 | Orc:2    | Identified a +0 morningstar
 21114 | Orc:2    | Identified a +0 leather armour
 21116 | Orc:2    | Identified a +0 war axe
 21117 | Orc:2    | Identified a +0 scimitar
 21117 | Orc:2    | Identified a +0 chain mail
 21118 | Orc:2    | Identified a +0 hand axe
 21121 | Orc:2    | Identified a +0 great mace
 21121 | Orc:2    | Identified a +0 arbalest
 21121 | Orc:2    | Identified a +0 plate armour
 21121 | Orc:2    | Noticed an orc warlord
 21121 | Orc:2    | Identified a +0 short sword
 21121 | Orc:2    | Identified a +0 scale mail
 21122 | Orc:2    | Identified a +0 great sword
 21122 | Orc:2    | Identified a +0 chain mail
 21122 | Orc:2    | Identified a +0 short sword
 21123 | Orc:2    | Identified a +0 long sword
 21123 | Orc:2    | Identified a +0 chain mail
 21125 | Orc:2    | Identified a +0 hand axe
 21148 | Orc:2    | Identified a +2 mace of protection
 21148 | Orc:2    | Identified a +0 leather armour
 21149 | Orc:2    | Identified a +0 falchion
 21150 | Orc:2    | Identified a +0 giant club
 21151 | Orc:2    | Identified a cursed -3 dagger
 21151 | Orc:2    | Identified a +0 robe
 21154 | Orc:2    | Killed an orc warlord
 21154 | Orc:2    | Reached skill level 9 in Slings
 21154 | Orc:2    | Reached skill level 13 in Shields
 21154 | Orc:2    | Identified a cursed -1 club
 21154 | Orc:2    | Identified a +0 leather armour
 21155 | Orc:2    | Identified a +0 dagger
 21155 | Orc:2    | Identified a +0 robe
 21156 | Orc:2    | Identified a +0 flail
 21156 | Orc:2    | Identified a +0 ring mail
 21157 | Orc:2    | Identified a +0 whip
 21158 | Orc:2    | Identified a +0 giant club
 21160 | Orc:2    | Identified a +0 troll leather armour
 21161 | Orc:2    | Identified a +0 war axe
 21161 | Orc:2    | Identified a +0 chain mail
 21163 | Orc:2    | Identified a +0 battleaxe
 21163 | Orc:2    | Identified a +0 chain mail
 21163 | Orc:2    | Identified a +0 club
 21165 | Orc:2    | Identified a +0 whip
 21165 | Orc:2    | Identified a cursed +0 leather armour
 21212 | Orc:2    | Identified a +0 mace
 21212 | Orc:2    | Identified a +0 scale mail
 21230 | Orc:2    | Identified a +0 club
 21232 | Orc:2    | Found a roughly hewn altar of Beogh.
 21232 | Orc:2    | Identified a +0 flail
 21232 | Orc:2    | Identified a +0 hand axe
 21232 | Orc:2    | Identified a +0 flail
 21232 | Orc:2    | Identified a cursed +0 ring mail
 21277 | Orc:2    | Found Xylojy's General Store.
 21279 | Orc:2    | Identified a +0 trident
 21282 | Orc:2    | Identified a cursed -1 long sword
 21282 | Orc:2    | Identified a +0 plate armour
 21323 | Orc:2    | Identified a +0 dagger
 21323 | Orc:2    | Identified a +0 robe
 21329 | Orc:2    | Identified a +0 long sword
 21329 | Orc:2    | Identified a +0 chain mail
 21336 | Orc:2    | Identified a +0 halberd
 21336 | Orc:2    | Identified a +0 scale mail
 21341 | Orc:2    | Identified a +0 hand axe
 21341 | Orc:2    | Identified a +0 plate armour
 21348 | Orc:2    | Identified a +0 long sword
 21348 | Orc:2    | Identified a +0 plate armour
 21349 | Orc:2    | Identified a +0 giant club
 21349 | Orc:2    | Identified a +0 giant club
 21388 | Orc:2    | Found Siplupt's Jewellery Shoppe.
 21395 | Orc:2    | Identified a +0 leather armour
 21397 | Orc:2    | Identified a +1 glaive of protection
 21397 | Orc:2    | Identified a +0 chain mail
 21398 | Orc:2    | Identified a +0 trident
 21398 | Orc:2    | Identified a +0 leather armour
 21398 | Orc:2    | Identified a +0 dagger
 21398 | Orc:2    | Identified a +0 robe
 21406 | Orc:2    | Reached skill level 8 in Evocations
 21439 | Orc:2    | Identified a +0 giant club
 21478 | Orc:2    | Found a staircase to the Elven Halls.
 21485 | Orc:2    | Identified a +0 trident
 21485 | Orc:2    | Identified a cursed +0 chain mail
 21485 | Orc:2    | Identified a +0 dire flail
 21486 | Orc:2    | Identified a +0 dire flail
 21486 | Orc:2    | Identified a +0 plate armour
 21486 | Orc:2    | Identified a +0 dagger
 21486 | Orc:2    | Identified a +2 robe of cold resistance
 21487 | Orc:2    | Identified a +0 trident
 21491 | Orc:2    | Found Ciplany's Antique Armour Shop.
 21491 | Orc:2    | Identified a +0 dire flail
 21491 | Orc:2    | Identified a +0 chain mail
 21491 | Orc:2    | Reached skill level 9 in Fighting
 21495 | Orc:2    | Reached XP level 15. HP: 135/135 MP: 17/20
 21511 | Orc:2    | Bought a pair of faintly humming boots for 237 gold pieces
 21521 | Orc:2    | Identified the +0 pair of boots of the Guilds {Regen+} (You
                  | bought it in a shop on level 2 of the Orcish Mines)
 21673 | Orc:2    | Identified a +0 halberd
 21673 | Orc:2    | Identified a +0 robe
 21673 | Orc:2    | Identified a +0 giant club
 21673 | Orc:2    | Identified a +0 giant club
 21673 | Orc:2    | Identified a +0 giant club
 21673 | Orc:2    | Identified a +0 giant spiked club
 21674 | Orc:2    | Identified a +0 giant club
 21674 | Orc:2    | Identified a +0 dire flail
 21674 | Orc:2    | Identified a +0 giant spiked club
 21674 | Orc:2    | Identified a +0 giant spiked club
 21676 | Orc:2    | Identified a +0 giant club
 21676 | Orc:2    | Identified a +0 giant club
 21681 | Orc:2    | Reached skill level 13 in Axes
 21774 | Orc:2    | Identified a +0 great mace
 21774 | Orc:2    | Identified a +0 giant spiked club
 21780 | Orc:2    | Reached skill level 11 in Armour
 22060 | Orc:2    | Identified a potion of berserk rage
 22080 | Orc:2    | Bought an uncursed amulet of reflection for 420 gold pieces
 22080 | Orc:2    | Bought the ring of Moderation {rElec rC+ rN++ MR+ Stlth-}
                  | for 624 gold pieces
 22115 | Orc:1    | Identified a +0 dagger
 22115 | Orc:1    | Identified a cursed -3 club
 22115 | Orc:1    | Identified a +0 chain mail
 22120 | Orc:1    | Identified a +0 glaive
 22120 | Orc:1    | Identified a +0 chain mail
 22224 | D:10     | Lost mutation: You expend magic power (3 MP) to strengthen
                  | your wands. [potion of mutation]
 22224 | D:10     | Gained mutation: You are resistant to hostile enchantments.
                  | (MR+) [potion of mutation]
 22224 | D:10     | Gained mutation: You are resistant to electric shocks.
                  | (rElec) [potion of mutation]
 22315 | D:13     | Identified a +0 giant club
 22315 | D:13     | Identified a +0 giant club
 22393 | D:13     | Identified a +0 shortbow
 22432 | D:13     | Identified a +0 whip
 22432 | D:13     | Identified a +0 leather armour
 22434 | D:13     | Identified a +0 dagger
 22434 | D:13     | Identified a +0 leather armour
 22436 | D:13     | Identified a +0 club
 22458 | D:13     | Identified a +0 dagger
 22458 | D:13     | Identified a +0 arbalest
 22458 | D:13     | Identified a cursed +0 ring mail
 22458 | D:13     | Identified a +0 long sword
 22458 | D:13     | Identified a +0 plate armour
 22458 | D:13     | Identified a +0 tower shield
 22462 | D:13     | Identified a +0 dagger
 22462 | D:13     | Identified a +0 arbalest
 22462 | D:13     | Identified a +0 ring mail
 22462 | D:13     | Identified a +0 glaive
 22462 | D:13     | Identified a +0 plate armour
 22740 | D:13     | Identified a +0 shortbow
 22791 | D:13     | Identified a +0 dagger
 22791 | D:13     | Identified a +0 arbalest
 22791 | D:13     | Identified a +0 leather armour
 22791 | D:13     | Identified a +0 dagger
 22791 | D:13     | Identified a +0 robe
 22791 | D:13     | Identified a +0 war axe
 22791 | D:13     | Identified a +0 plate armour
 22839 | D:13     | Reached skill level 14 in Invocations
 22975 | D:13     | Identified 6 potions of flight
 22976 | D:13     | Identified a scroll of holy word
 23360 | D:13     | Found a gate to the Vaults.
 23360 | D:13     | Identified a +0 great sword
 23360 | D:13     | Identified a +0 plate armour
 23361 | D:13     | Identified a +2 great mace of draining
 23361 | D:13     | Identified a +0 plate armour
 23659 | D:14     | Identified a +3 scimitar of flaming
 23951 | D:14     | Identified a +4 scimitar of flaming
 24228 | D:14     | Identified a +0 shortbow
 24228 | D:14     | Identified a +0 dagger
 24228 | D:14     | Identified a +0 robe
 24230 | D:14     | Identified a +0 shortbow
 24230 | D:14     | Identified a +0 shortbow
 24231 | D:14     | Identified a +0 club
 24231 | D:14     | Identified a +0 leather armour
 24231 | D:14     | Identified a +0 dagger
 24231 | D:14     | Identified a +0 robe
 24233 | D:14     | Identified a +0 shortbow
 24236 | D:14     | Identified a +0 shortbow
 24237 | D:14     | Identified a +0 troll leather armour
 24416 | D:14     | Noticed Roxanne
 24448 | D:14     | Killed Roxanne
 24517 | D:14     | Identified a +3 scimitar of flaming
 24986 | D:15     | Entered Level 15 of the Dungeon
 25041 | D:15     | Identified a +0 mace
 25060 | D:15     | Identified a ring of positive energy (You found it on level
                  | 15 of the Dungeon)
 25061 | D:15     | Identified a ring of resist corrosion (You found it on
                  | level 13 of the Dungeon)
 25316 | D:15     | Identified a +0 scimitar
 25316 | D:15     | Identified a +0 dire flail
 25316 | D:15     | Identified a +0 glaive
 25316 | D:15     | Identified a +0 trident
 25335 | D:14     | Reached skill level 9 in Evocations
 25451 | D:15     | Found Feogonexzo's Antique Armour Shoppe.
 25489 | D:15     | Identified a +3 glaive
 25489 | D:15     | Identified a +0 plate armour
 25489 | D:15     | Identified a +0 hand axe
 25489 | D:15     | Identified a +0 chain mail
 25493 | D:15     | Identified a +0 mace
 25495 | D:15     | Identified a +0 glaive
 25495 | D:15     | Identified a +0 plate armour
 25496 | D:15     | Identified a +0 short sword
 25496 | D:15     | Identified a +0 chain mail
 25525 | D:15     | Reached skill level 10 in Dodging
 25603 | D:15     | Identified a +0 hand axe
 25603 | D:15     | Identified a +0 ring mail
 25609 | D:15     | Identified a +0 morningstar
 25612 | D:15     | Identified a +0 trident
 25612 | D:15     | Identified a cursed +0 chain mail
 25612 | D:15     | Identified a +0 flail
 25612 | D:15     | Identified a +0 chain mail
 25745 | D:15     | Identified a +0 arbalest
 25745 | D:15     | Identified a +0 arbalest
 25745 | D:15     | Identified a +0 arbalest
 25745 | D:15     | Identified a +0 arbalest
 25745 | D:15     | Identified a +0 arbalest
 25757 | D:15     | Identified a +0 flail of holy wrath
 25843 | D:15     | Identified a +3 hand axe
 25843 | D:15     | Identified a +0 robe
 25843 | D:15     | Identified a +1 falchion
 25843 | D:15     | Identified a +0 robe
 25853 | D:15     | Identified a +0 scimitar
 25853 | D:15     | Identified a +1 robe of the Archmagi
 25853 | D:15     | Identified a +0 giant club
 25853 | D:15     | Identified a +0 giant club
 25853 | D:15     | Identified a cursed +0 falchion
 25853 | D:15     | Identified a +0 robe
 25853 | D:15     | Identified a +4 hand axe of freezing
 25853 | D:15     | Identified a +2 robe of positive energy
 26000 | D:15     | Identified a +0 short sword
 26013 | D:15     | Identified a +0 troll leather armour
 26046 | D:15     | Identified a +0 arbalest
 26060 | D:15     | Found a staircase to the Depths.
 26060 | D:15     | Identified a +3 arbalest
 26076 | D:15     | Identified a +0 shortbow
 26320 | D:15     | Identified a +2 broad axe of electrocution (You found it on
                  | level 15 of the Dungeon)
 26547 | Swamp:1  | Entered Level 1 of the Swamp
 26562 | Lair:3   | Reached skill level 10 in Fighting
 26562 | Lair:3   | Reached skill level 14 in Shields
 26826 | Swamp:1  | Reached XP level 16. HP: 90/146 MP: 22/22
 27208 | Swamp:1  | Identified a +0 spear of venom
 27208 | Swamp:1  | Identified a +0 buckler
 27901 | Swamp:2  | Reached skill level 15 in Invocations
 28237 | Swamp:3  | Noticed a thorn hunter
 28242 | Swamp:3  | Killed a thorn hunter
 28242 | Swamp:3  | Reached skill level 14 in Axes
 28275 | Swamp:3  | Identified a +0 quarterstaff
 28275 | Swamp:3  | Identified a +0 robe
 28309 | Swamp:3  | Identified a +0 demon whip
 28311 | Swamp:3  | Identified a +1 broad axe of freezing
 28311 | Swamp:3  | Identified a +3 plate armour of fire resistance
 28311 | Swamp:3  | Identified a +2 kite shield of reflection
 28311 | Swamp:3  | Noticed Donald
 28321 | Swamp:3  | Killed Donald
 28321 | Swamp:3  | Reached skill level 10 in Slings
 28421 | Swamp:3  | Found a frozen archway.
 28427 | IceCv    | Entered an ice cave
 28588 | IceCv    | Got a pair of ancient boots
 28594 | IceCv    | Identified the +0 pair of boots of Hangman {*Drain rElec
                  | Regen+} (You found it in an ice cave)
 28954 | IceCv    | HP: 34/147 [ettin simulacrum (4)]
 28999 | IceCv    | Identified the +6 scale mail "Fushun" {rC+} (You found it
                  | in an ice cave)
 29095 | IceCv    | Noticed an Ice Fiend
 29110 | IceCv    | Noticed an Executioner
 29114 | IceCv    | HP: 18/147 [Executioner[the player character] (20)]
 29120 | IceCv    | HP: 29/147 [Ice Fiend/bolt of cold (16)]
 29125 | IceCv    | HP: 24/147 [shot self (2)]
 29131 | IceCv    | HP: 36/147 [Executioner[the player character] (2)]
 29134 | IceCv    | HP: 9/147 [Ice Fiend (15)]
 29134 | IceCv    | HP: 3/147 [Ice Fiend (3)]
 29137 | IceCv    | Slain by an Executioner

Table legend:
 A = Turns spent in this place as a percentage of turns spent in the entire game.
 B = Non-inter-level travel turns spent in this place as a percentage of non-inter-level travel turns spent in the entire game.
 C = Inter-level travel turns spent in this place as a percentage of turns spent in this place.
 D = Turns resting spent in this place as a percentage of non-inter-level travel turns spent in this place.
 E = Turns spent auto-exploring this place as a percentage of non-inter-level travel turns spent in this place.
 F = Non-inter-level travel turns spent in this place divided by the number of levels of this place that you've seen.
                   A       B       C       D       E      F
               +-------+-------+-------+-------+-------+----------------------
         Total | 100.0 | 100.0 |  11.4 |   2.5 |  65.0 | 860.8
       Dungeon |  55.5 |  53.6 |  14.4 |   2.4 |  68.8 | 923.1
        Temple |   0.9 |   0.7 |  23.4 |   0.0 |  95.8 | 190.0
          Lair |  24.3 |  24.6 |  10.2 |   1.6 |  65.2 | 1059.8
         Swamp |   6.3 |   6.7 |   6.3 |   3.1 |  68.3 | 577.7
  Orcish Mines |   7.0 |   7.6 |   4.0 |   1.7 |  67.4 | 976.0
         Sewer |   1.3 |   1.5 |   0.0 |   0.0 |  52.4 | 391.0
      Ice Cave |   2.4 |   2.7 |   0.0 |  16.9 |   9.9 | 710.0
       Volcano |   2.2 |   2.5 |   0.0 |   0.0 |  22.4 | 642.0
               +-------+-------+-------+-------+-------+----------------------

Table legend:
 A = Kills in this place as a percentage of kills in entire the game.
 B = Kills by you in this place as a percentage of kills by you in the entire game.
 C = Kills by friends in this place as a percentage of kills by friends in the entire game.
 D = Other kills in this place as a percentage of other kills in the entire game.
 E = Experience gained in this place as a percentage of experience gained in the entire game.
 F = Experience gained in this place divided by the number of levels of this place that you have seen.
                   A       B       C       D       E      F
               +-------+-------+-------+-------+-------+----------------------
         Total | 100.0 | 100.0 | 100.0 | 100.0 | 100.0 | 5874.3
       Dungeon |  51.2 |  51.4 |   0.0 | 100.0 |  36.2 | 4255.9
          Lair |  19.9 |  20.0 |   0.0 |   0.0 |  28.9 | 8499.2
         Swamp |   6.0 |   5.8 |  50.0 |   0.0 |  11.5 | 6760.3
  Orcish Mines |  14.1 |  14.0 |  50.0 |   0.0 |  15.9 | 13989.0
         Sewer |   1.9 |   1.9 |   0.0 |   0.0 |   0.2 | 385.0
      Ice Cave |   5.5 |   5.5 |   0.0 |   0.0 |   3.3 | 5794.0
       Volcano |   1.4 |   1.4 |   0.0 |   0.0 |   3.9 | 6959.0
               +-------+-------+-------+-------+-------+----------------------

Skill      XL: |  1  2  3  4  5  6  7  8  9 10 11 12 13 14 15 16 |
---------------+-------------------------------------------------+-----
Dodging        | 1 2 3 4 5 6 7 8 9 10 | 10.4
Armour         | 4 5 6 7 8 9 10 11 | 11.7
Axes           | 3 4 5 6 7 8 10 11 12 13 14 | 14.1
Shields        | 4 5 6 7 9 10 11 12 13 14 | 14.3
Fighting       | 3 4 5 6 7 9 10 | 10.4
Slings         | 1 2 3 4 5 6 7 8 9 10 | 10.0
Invocations    | 2 5 7 9 11 12 13 14 15 | 15.2
Evocations     | 2 4 6 8 9 |  9.8

Action                   |  1- 3 |  4- 6 |  7- 9 | 10-12 | 13-15 | 16-18 || total
-------------------------+-------+-------+-------+-------+-------+-------++-------
Melee: War axe           |    87 |   135 |   386 |   641 |  1269 |   282 ||  2800
       Flail             |       |       |       |    16 |    71 |     5 ||    92
       Broad axe         |       |       |       |     2 |       |       ||     2
 Fire: Hunting sling     |    36 |    89 |   185 |   161 |   322 |       ||   793
       Fustibalus        |       |       |       |       |   345 |   111 ||   456
Throw: Stone             |       |       |    19 |    47 |     3 |       ||    69
Invok: Minor Destruction |       |       |       |     1 |       |       ||     1
       Lesser Servant of |       |       |       |       |     2 |       ||     2
       Greater Servant o |       |       |       |       |       |     3 ||     3
       Major Destruction |       |       |       |       |       |     1 ||     1
 Abil: Heal Wounds       |       |     1 |     3 |     4 |     2 |    10 ||    20
Evoke: Wand              |       |       |     2 |     5 |     3 |     2 ||    12
       Lightning rod     |       |       |       |       |     4 |       ||     4
  Use: Scroll            |       |       |    15 |     8 |    17 |     1 ||    41
       Potion            |       |       |     1 |       |     4 |     4 ||     9
 Stab: Distracted        |       |       |       |       |     6 |     1 ||     7
       Petrified         |       |       |       |       |     1 |       ||     1
  Eat: Chunk             |     1 |     5 |     6 |    16 |    21 |     4 ||    53
       Ration            |       |       |     4 |     4 |     6 |     1 ||    15
Armor: Scale mail        |    27 |    51 |   110 |   164 |   241 |   138 ||   731
       Chain mail        |       |       |    51 |    47 |       |       ||    98
       Plate armour      |       |       |       |     1 |   139 |       ||   140
Dodge: Dodged            |    23 |    41 |   158 |   206 |   386 |   131 ||   945
Block: Kite shield       |    29 |    71 |   170 |       |       |       ||   270
       Tower shield      |       |       |   151 |   689 |  1644 |   426 ||  2910
       Reflection        |       |       |       |       |    42 |    10 ||    52

Vanquished Creatures
  Gastronok (D:11)
  Donald (Swamp:3)
  A thorn hunter (Swamp:3)
  Roxanne (D:14)
  2 orc warlords
  The ghost of Ruicvywi the Grappler, a journeyman OgTm of Okawaru (Lair:2)
  A red draconian (Volcano)
  2 fire dragons
  A yaktaur captain (D:15)
  A ghost crab (Swamp:3)
  A catoblepas (D:13)
  3 vault guards (D:13)
  10 hydras
  3 alligators
  15 two-headed ogres
  A centaur warrior (D:15)
  2 ogre magi
  4 orc high priests (Orc:2)
  13 death yaks
  4 skeletal warriors
  A spriggan druid (Swamp:3)
  3 swamp dragons
  8 orc knights
  A deep elf mage (D:15)
  5 ugly things
  A lindwurm (Lair:6)
  6 orc sorcerers
  A manticore (D:11)
  A cyclops (D:11)
  A centaur zombie (D:12)
  A guardian serpent (D:9)
  An elephant (shapeshifter) (D:14)
  3 centaur skeletons
  10 spiny frogs
  A torpor snail (shapeshifter) (D:14)
  An ice statue (IceCv)
  5 black mambas
  5 molten gargoyles
  2 torpor snails
  4 gargoyles
  3 efreet (D:14)
  2 freezing wraiths
  6 yaktaurs (D:15)
  A rime drake (Lair:1)
  13 komodo dragons
  2 golden dragon simulacra (IceCv)
  4 ice devils (IceCv)
  An anaconda simulacrum (IceCv)
  A tengu conjurer (D:13)
  A jumping spider (D:14)
  A queen bee (Lair:1)
  3 polar bears
  A wolf spider simulacrum (IceCv)
  A meliai (shapeshifter) (D:12)
  12 trolls
  4 tyrant leeches
  14 hippogriffs
  8 hornets
  A dream sheep (shapeshifter) (D:13)
  6 blink frogs
  2 dream sheep (Lair:6)
  2 bog bodies
  6 centaur simulacra
  A redback (D:14)
  2 dire elephant simulacra (IceCv)
  5 wraiths
  A spriggan (Swamp:1)
  A tarantella (D:13)
  2 shadows
  36 yaks
  A water elemental (D:14)
  9 wyverns
  Grum (D:11)
  A fire bat (Volcano)
  5 basilisks
  2 humans (D:13)
  4 hungry ghosts
  Eustachio (D:4)
  Menkaure (D:5)
  3 steam dragons (Lair:6)
  24 vampire mosquitoes
  Edmund (D:5)
  3 harpy simulacra (IceCv)
  A death yak simulacrum (IceCv)
  An iron troll simulacrum (IceCv)
  7 wargs
  3 hydra simulacra (IceCv)
  A soldier ant (D:12)
  3 acid dragons
  9 swamp worms
  8 water moccasins
  5 hell hounds (Lair:6)
  8 porcupines
  Duvessa (D:5)
  A hornet zombie (D:11)
  5 swamp drakes
  6 ice beasts
  A black bear (D:13)
  31 orc warriors
  4 sky beasts
  An eye of draining (shapeshifter) (D:15)
  An ettin simulacrum (IceCv)
  2 eyes of draining
  13 ogres
  13 wolves
  A necrophage (D:12)
  16 centaurs
  8 crocodiles
  5 big kobolds
  14 bullfrogs
  Dowan (D:5)
  9 scorpions
  29 killer bees
  An elephant simulacrum (IceCv)
  5 wights (D:15)
  4 howler monkeys
  5 electric eels
  6 crimson imps
  9 lava snakes
  3 jellies
  A quasit (D:7)
  2 wyvern simulacra (D:11)
  A draconian simulacrum (IceCv)
  6 hounds
  A bullfrog zombie (D:6)
  15 orc priests
  19 orc wizards
  4 bullfrog skeletons
  3 iguanas
  Natasha (thrice) (D:3)
  12 worker ants
  4 troll simulacra (IceCv)
  A wolf simulacrum (IceCv)
  A bullfrog simulacrum (D:11)
  2 hound skeletons (D:7)
  2 howler monkey zombies
  7 gnolls
  9 adders
  4 ogre simulacra (IceCv)
  A river rat (Sewer)
  4 shadow imps
  10 white imps
  10 ufetubi
  10 oozes
  An adder zombie (D:8)
  5 worms
  6 dart slugs
  7 leopard geckos
  84 orcs
  A ball python (Sewer)
  7 giant cockroaches
  15 goblins
  14 hobgoblins
  8 jackals
  21 kobolds
  6 quokkas
  A ball python skeleton (D:4)
  A ball python zombie (D:5)
  6 bats
  6 frilled lizards
  A leopard gecko skeleton (D:4)
  A quokka zombie (D:5)
  9 rats
  12 fungi
  2 plants
915 creatures vanquished.

Vanquished Creatures (collateral kills)
  A hydra (Swamp:3)
  A vampire mosquito (Swamp:3)
  An orc wizard (Orc:1)
  An orc (Orc:1)
4 creatures vanquished.

Vanquished Creatures (others)
  A vampire (D:14)
  3 orc wizards
  2 white imps (IceCv)
  An ufetubus (IceCv)
  An adder skeleton (D:10)
  4 orcs (D:10)
  9 fungi
  5 plants
26 creatures vanquished.

Grand Total: 945 creatures vanquished
